 Dungeon Crawl Stone Soup version 0.29.1-14-g9c671dbff4 (webtiles) character file.

Game seed: 13595166244423378715

371 hawla the Firebug (level 7, -3/50 HPs)
             Began as a Meteoran Fire Elementalist on Feb 18, 2023.
             Succumbed to Crazy Yiuf's poison
             ... on level 4 of the Dungeon.
             The game lasted 00:03:31 (687 turns).

hawla the Firebug (Meteoran Fire Elementalist)       Turns: 687, Time: 00:03:32

Health: -3/50      AC:  2    Str:  9    XL:     7   Next: 23%
Magic:  8/14       EV: 13    Int: 19    God:
Gold:   90         SH:  0    Dex: 15    Spells: 7/14 levels left

rFire   . . .      SeeInvis .   (no weapon)
rCold   . . .      Faith    .   (no shield)
rNeg    . . .      Spirit   .   a - +0 robe
rPois   .          Reflect  .   (no helmet)
rElec   .          Harm     .   (no cloak)
rCorr   .          Rampage  .   (no gloves)
Will    .....                   (no boots)
Stlth   +.........              (no amulet)
HPRegen 0.16/turn               (no ring)
MPRegen 0.14/turn               (no ring)

@: lethally poisoned (-3 -> -23), attractive, glowing
A: sense surroundings 1, otherworldly, glowing, explore regen
a: no special abilities


You were on level 4 of the Dungeon.
You visited 1 branch of the dungeon, and saw 4 of its levels.

You collected 90 gold pieces.

Inventory:

Armour
 a - a +0 robe (worn)
Wands
 h - a wand of acid (8)
Scrolls
 c - a scroll of poison {unknown}
Potions
 b - a potion of magic
 e - a potion of haste {unknown}
 f - a potion of flight {unknown}
 g - a potion of cancellation {unknown}


   Skills:
 + Level 3.0 Dodging
 - Level 1.4 Stealth
 + Level 4.3 Spellcasting
 + Level 5.4 Conjurations
 + Level 5.6 Fire Magic


You had 7 spell levels left.
You knew the following spells:

 Your Spells              Type           Power      Damage    Failure   Level
a - Foxfire               Conj/Fire      100%       2x1d9     1%          1
b - Scorch                Fire           50%        2d8       1%          2
c - Flame Wave            Conj/Fire      25%        2d8       14%         4

Your spell library contained the following spells:

 Spells                   Type           Power      Damage    Failure   Level
 Conjure Flame            Conj/Fire      25%        6-21      4%          3
 Inner Flame              Hex/Fire       14%        N/A       12%         3
 Ensorcelled Hibernation  Hex/Ice        8%         N/A       21%         2
 Ozocubu's Armour         Ice            4%         N/A       36%         3
 Spider Form              Tmut/Pois      4%         N/A       36%         3
 Anguish                  Hex/Necr       2%         N/A       78%         4
 Ozocubu's Refrigeration  Ice            2%         4d7       100%        7


Dungeon Overview and Level Annotations

Branches:
Dungeon (4/15) Zot: 1713
 Temple: D:4-7

Altars:
Zin


Innate Abilities, Weirdness & Mutations

You passively map a small area around you.
You are easily found by Zot.
You glow in the dark.
You regain HP and MP as you explore.


Message History

The hound is almost dead.
The foxfire hits the hound!
The hound is burned terribly!
You kill the hound!
Your foxfire dissipates!
h - a wand of acid (8)
You open the door.
There is an open door here.
Found a hammer.
You see here a +0 hammer.
You open the door.
Found a hammer.
Found a runed translucent door.
Crazy Yiuf shouts!
You start waiting.
Magic restored.
You open the door.
Casting: Foxfire (safe; 1% risk of failure)
Confirm with . or Enter, or press ? or * to list all spells.
Flames lash Crazy Yiuf.
Crazy Yiuf is moderately wounded.
Crazy Yiuf's fire resistance burns away.
Crazy Yiuf hits you with a +2 quarterstaff of chaos!
You are electrocuted!!
Casting: Scorch (safe; 1% risk of failure)
Confirm with . or Enter, or press ? or * to list all spells.
Flames lash Crazy Yiuf.
Crazy Yiuf is burned terribly!
Crazy Yiuf is almost dead.
Crazy Yiuf hits you with a +2 quarterstaff of chaos!
* * * LOW HITPOINT WARNING * * *
You are lethally poisoned!
Okay, then.
Casting: Scorch (safe; 1% risk of failure)
Confirm with . or Enter, or press ? or * to list all spells.
Flames lash Crazy Yiuf.
Crazy Yiuf is burned terribly!
You kill Crazy Yiuf!
* * * LOW HITPOINT WARNING * * *
You feel very sick.
Your Dodging skill increases to level 3!
It was a potion of attraction.
You feel attractive to monsters.
You die...

..#######†##..##
..##...##.#####
..#........#
..#........#
#####
..#........#
#..)#
..#........#
#...#
#.##.##...## ...
#.##.##...## #)#
...........#
##@#
...........#
#.##
...........#
##.#
...........#
#.##
#....##....#
##.##
#######....#
#...## #.....#
#...P# #.....#
#+..'#
#.....###....#


There were no monsters in sight!

Vanquished Creatures
  An ogre (D:4)
  2 scorpions (D:4)
  A necrophage (D:4)
  A hound (D:4)
  Crazy Yiuf (D:4)
  An orc priest (D:4)
  An adder (D:4)
  3 orcs (D:4)
  4 endoplasms
  A giant cockroach (D:4)
  A goblin (D:4)
  2 hobgoblins (D:4)
  5 kobolds
24 creatures vanquished.

Vanquished Creatures (others)
  68 foxfires
68 creatures vanquished.

Grand Total: 92 creatures vanquished

Notes
Turn   | Place    | Note
-------+----------+-------------------------------------------
     0 | D:1      | hawla the Meteoran Fire Elementalist began the quest for
                  | the Orb.
     0 | D:1      | Reached XP level 1. HP: 14/14 MP: 5/5
   117 | D:4      | Reached XP level 2. HP: 20/20 MP: 4/6
   158 | D:4      | Learned a level 2 spell: Scorch
   163 | D:4      | Noticed an ogre
   168 | D:4      | Killed an ogre
   169 | D:4      | Reached skill level 5 in Fire Magic
   169 | D:4      | Reached XP level 3. HP: 26/26 MP: 1/9
   169 | D:4      | Reached XP level 4. HP: 33/33 MP: 1/10
   169 | D:4      | Reached XP level 5. HP: 38/38 MP: 1/11
   176 | D:4      | Learned a level 4 spell: Flame Wave
   369 | D:4      | Reached XP level 6. HP: 45/45 MP: 1/12
   371 | D:4      | Reached skill level 5 in Conjurations
   469 | D:4      | Found a glowing silver altar of Zin.
   611 | D:4      | Reached XP level 7. HP: 48/50 MP: 3/14
   663 | D:4      | Found a runed translucent door.
   664 | D:4      | Noticed Crazy Yiuf
   686 | D:4      | Killed Crazy Yiuf
   686 | D:4      | HP: 2/50 [poisoned by Crazy Yiuf]
   687 | D:4      | Succumbed to Crazy Yiuf's poison

Illustrated notes

Levels and vault maps discovered:
D:1:      heliophobic_arrival_battle_scene, layout_basic, serial_shops, shop,
          nicolae_shop_temple_entry_statues_fountains,
          nicolae_shop_hallway_stairs, nicolae_shop_stone, shop,
          shapermc_ecumenical_altar_pompeii
D:2:      layout_rooms, basic_altar
D:3:      layout_loops_ring, gammafunk_ghost_stat_death, goddamned_bats
D:4:      layout_gridville, zin_academy, uniq_crazy_yiuf_cottage

Skill      XL: |  1  2  3  4  5  6  7 |
---------------+----------------------+-----
Fire Magic     | 5 |  5.6
Spellcasting   | 3 4 |  4.3
Conjurations   | 4 5 |  5.4
Dodging        | 3 |  3.0
Stealth        | |  1.4

Action                   |  1- 3 |  4- 6 |  7- 9 || total
-------------------------+-------+-------+-------++-------
Melee: Unarmed           |     4 |     5 |     1 ||    10
 Cast: Foxfire           |    16 |    20 |     3 ||    39
       Scorch            |     1 |     9 |     4 ||    14
  Use: Potion            |       |       |     1 ||     1
Armor: Robe              |     2 |       |       ||     2
Dodge: Dodged            |     3 |     4 |     4 ||    11
